 Dungeon Sprint DCSS version 0.23-a0-151-gf6d1ed2 (webtiles) character file.

127 Kidiri the Cudgeler (level 4, -3/49 HPs)
             Began as a Troll Fighter on Sept 8, 2018.
             Was an Initiate of Trog.
             Slain by an unseen horror (7 damage)
             ... in the Dungeon (Sprint IX: "|||||||||||||||||||||||||||||").
             The game lasted 00:02:40 (133 turns).

Kidiri the Cudgeler (Troll Fighter)                  Turns: 133, Time: 00:02:41

Health: -3/49      AC:  6    Str: 24    XL:     4   Next: 85%
Magic:  3/3        EV: 10    Int:  4    God:    Trog [......]
Gold:   0          SH: 10    Dex: 16    Spells: 3/3 levels left

rFire    . . .     SeeInvis .   o - +2 morningstar (crush)
rCold    . . .     Gourm    +   c - +0 shield
rNeg     . . .     Faith    .   b - +0 robe
rPois    .         Spirit   .   (helmet restricted)
rElec    .         Reflect  .   p - +0 cloak
rCorr    .         Harm     .   (gloves unavailable)
MR       .....     NoTele   +   (boots unavailable)
Stlth    +.........             (no amulet)
HPRegen  0.56/turn              q - +3 ring of dexterity
MPRegen  0.08/turn              r - +3 ring of dexterity

@: no status effects
A: large, unfitting armour, claws 3, fast metabolism 3, gourmand, regeneration
1, shaggy fur 1, tough skin 2
a: Renounce Religion


You were in the Dungeon.
You worshipped Trog.
Trog was noncommittal.
You were not hungry.

You visited 1 branch

Inventory:

Hand Weapons
 a - a +0 flail
 o - a +2 morningstar of crushing (weapon)
Armour
 b - a +0 robe (worn)
 c - a +0 shield (worn)
 p - a +0 cloak (worn)
Jewellery
 q - a +3 ring of dexterity (left claw)
 r - a +3 ring of dexterity (right claw)
Wands
 n - a wand of acid (10)
Scrolls
 k - 2 scrolls of blinking
 m - 3 scrolls of remove curse
Potions
 d - a potion of might
 e - a potion of invisibility
 g - 3 potions of heal wounds
 h - a potion of haste
 i - 4 potions of magic
 j - 4 potions of curing
Comestibles
 f - 2 rations
 l - 11 chunks of flesh


   Skills:
 * Level 4.9 Fighting
 * Level 5.0 Maces & Flails
 + Level 2.7 Armour
 + Level 3.8 Dodging
 - Level 3.8 Shields


You had 3 spell levels left.
You didn't know any spells.
Your spell library was empty.

Dungeon Overview and Level Annotations

Branches:
Dungeon (1/1)

Altars:
Cheibriados
Dithmenos
Elyvilon
Fedhas
Gozag
Hepliaklqana
Kikubaaqudgha
Makhleb
Nemelex Xobeh
Okawaru
Qazlal
Ru
Sif Muna
Trog
Uskayaw
Vehumet
Wu Jian
Xom
Yredelemnul
Zin
The Shining One
Beogh
Jiyva
Lugonu


Innate Abilities, Weirdness & Mutations

You are too large for most types of armour.
You have claws for hands.
Your metabolism is lightning-fast.
You like to eat raw meat.
Your natural rate of healing is unusually fast.
You are covered in fur. (AC +1)
You have very tough skin. (AC +2)


Message History

Something hits you but does no damage.
Deactivating autopickup; reactivate with Ctrl-A.
Unknown command.
You barely miss something. Something hits you! You block something's attack.
Unknown command.
You barely miss something. Something hits you.
Something hits you but does no damage. Something hits you.
Okay, then.
Unknown command.
You closely miss something. Something hits you but does no damage.
Something hits you. Something hits you but does no damage.
You closely miss something. Something hits you! Something hits you.
You hit something. Something hits you but does no damage.
You puncture something! Something hits you.
Something hits you but does no damage. Something hits you!
* * * LOW HITPOINT WARNING * * *
Something hits you!
* * * LOW HITPOINT WARNING * * *
You puncture something! Something hits you!
You die... ▓▓▓▓▓▓▓▓▓▓▓▓▓▓▓▓▓▓▓▓▓▓▓▓ _______'.?|).[[.@{Zols.. ▓▓▓▓▓▓▓▓▓▓▓▓▓▓▓▓▓▓▓▓▓▓▓▓

You could see an orc warrior, a scorpion, an iguana and an adder skeleton.

Vanquished Creatures
  A centaur (D)
  A crimson imp (D)
  An ooze (D)
  A leopard gecko (D)
  A bat skeleton (D)
  A hobgoblin (D)
  2 frilled lizards (D)
  A rat (D)
9 creatures vanquished.

Vanquished Creatures (others)
  A crimson imp (D)
  An orc wizard (D)
2 creatures vanquished.

Grand Total: 11 creatures vanquished

Notes
Turn   | Place    | Note
-------+----------+-------------------------------------------
     0 | D        | Kidiri the Troll Fighter began the quest for the Orb.
     0 | D        | Reached XP level 1. HP: 22/22 MP: 0/0
     6 | D        | Reached skill level 2 in Maces & Flails
    23 | D        | Noticed an orc wizard
    23 | D        | Noticed a crimson imp
    23 | D        | Noticed a crimson imp
    23 | D        | Noticed a centaur
    25 | D        | Reached skill level 1 in Armour
    25 | D        | Reached XP level 2. HP: 31/31 MP: 1/1
    33 | D        | Reached skill level 3 in Maces & Flails
    35 | D        | Killed a crimson imp
    38 | D        | Killed a centaur
    38 | D        | Reached skill level 4 in Maces & Flails
    38 | D        | Reached XP level 3. HP: 36/40 MP: 2/2
    38 | D        | Reached XP level 4. HP: 44/49 MP: 3/3
    49 | D        | Reached skill level 5 in Maces & Flails
    62 | D        | Found a roughly hewn altar of Beogh.
    62 | D        | Found a snail-covered altar of Cheibriados.
    62 | D        | Found a shadowy altar of Dithmenos.
    62 | D        | Found a white marble altar of Elyvilon.
    62 | D        | Found a blossoming altar of Fedhas.
    62 | D        | Found an opulent altar of Gozag.
    63 | D        | Found a hazy altar of Hepliaklqana.
    64 | D        | Found a viscous altar of Jiyva.
    65 | D        | Found an ancient bone altar of Kikubaaqudgha.
    66 | D        | Found a corrupted altar of Lugonu.
    67 | D        | Found a burning altar of Makhleb.
    68 | D        | Found a sparkling altar of Nemelex Xobeh.
    69 | D        | Found an iron altar of Okawaru.
    70 | D        | Found a stormy altar of Qazlal.
    71 | D        | Found a sacrificial altar of Ru.
    72 | D        | Found a deep blue altar of Sif Muna.
    73 | D        | Found a bloodstained altar of Trog.
    74 | D        | Found a hide-covered altar of Uskayaw.
    75 | D        | Found a radiant altar of Vehumet.
    76 | D        | Found an ornate altar of the Wu Jian Council.
    77 | D        | Found a shimmering altar of Xom.
    78 | D        | Found a basalt altar of Yredelemnul.
    79 | D        | Found a glowing silver altar of Zin.
    80 | D        | Found a glowing golden altar of the Shining One.
    81 | D        | Became a worshipper of Trog the Wrathful
   125 | D        | Noticed an orc warrior
   133 | D        | Slain by an unseen horror

Vault maps used:
D:        linesprint

Skill      XL: |  1  2  3  4 |
---------------+-------------+-----
Maces & Flails | 2 4 5 |  5.0
Fighting       | 3 4 |  4.9
Armour         | 1 2 |  2.7
Dodging        | 3 |  3.8
Shields        | 3 |  3.8

Action                   |  1- 3 |  4- 6 || total
-------------------------+-------+-------++-------
Melee: Flail             |    20 |     3 ||    23
       Morningstar       |       |     8 ||     8
  Use: Potion            |     2 |       ||     2
Armor: Robe              |     4 |     8 ||    12
Dodge: Dodged            |     5 |     1 ||     6
Block: Shield            |     5 |     4 ||     9

Table legend:
 A = Non-vault XP
 B = Vault XP
 C = Vault XP percentage of total XP
 D = Non-vault monster count
 E = Vault monster count
 F = Vault count percentage of total count
                 A         B        C        D         E       F
            +---------+---------+-------+---------+---------+-------
      Total |       0 |     182 | 100.0 |       0 |      10 | 100.0
            +---------+---------+-------+---------+---------+-------
          D |       0 |     182 | 100.0 |       0 |      10 | 100.0
            +---------+---------+-------+---------+---------+-------
